 Dungeon Crawl Stone Soup version 0.18-a0-846-g91b95b1 (webtiles) character file.

367 Gorice the Chiller (level 6, -4/37 HPs)
             Began as an Octopode Wanderer on Dec 20, 2015.
             Killed by divine providence
             ... invoked by an orc priest
              (11 damage)
             ... on level 4 of the Dungeon.
             The game lasted 00:18:29 (4942 turns).

Gorice the Chiller (Octopode Wanderer)              Turns: 4942, Time: 00:18:30

Health: -4/37      AC:  1    Str: 12    XL:     6   Next: 69%
Magic:  5/11       EV: 13    Int: 13    God:
Gold:   113        SH:  0    Dex: 18    Spells: 2 memorised, 8 levels left

rFire  . . .     SeeInvis .     a - +0 trident
rCold  . . .     Gourm    .     (no shield)
rNeg   . . .     Faith    .     (helmet restricted)
rPois  .         Spirit   .     (no amulet)
rElec  .         Dismiss  .     m - +4 ring of dexterity
rCorr  .         Reflect  .     (no ring)
SustAt .         Harm     .     (no ring)
MR     .....                    (no ring)
Stlth  ++++......               (no ring)
                                (no ring)
                                (no ring)
                                (no ring)

@: not resistant to hostile enchantments, stealthy
A: almost no armour, amphibious, 8 rings, constrict 8, camouflage 1, gelatinous
body 1
a: no special abilities


You were on level 4 of the Dungeon.
You were hungry.

You visited 1 branch of the dungeon, and saw 4 of its levels.

You collected 113 gold pieces.

Inventory:

Hand Weapons
 a - a +0 trident (weapon)
 i - a +3 quarterstaff of chaos
   (You took it off Crazy Yiuf on level 4 of the Dungeon)
 o - a +0 dagger
Missiles
 f - 5 tomahawks
 j - 7 poisoned needles
 Z - 129 stones (quivered)
Armour
 q - a +0 shield
Jewellery
 m - a +4 ring of dexterity (left tentacle)
Scrolls
 e - 2 scrolls of recharging
 h - 2 scrolls of remove curse
Potions
 c - a potion of lignification {!q}
 n - 4 potions of curing
 t - a potion of agility {!q}
Books
 b - the Almanac of Snow

   Spells                             Type                      Level
   a - Throw Frost                    Conjuration/Ice              2
   b - Ensorcelled Hibernation        Hexes/Ice                    2
Comestibles
 d - 3 bread rations {!e}
 g - 3 fruits
 k - 4 chunks of flesh
 l - 3 beef jerkies


   Skills:
 - Level 0.8 Fighting
   Level 1.0 Long Blades
 - Level 2.3 Dodging
 - Level 2.6 Stealth
 * Level 3.7 Spellcasting
 * Level 3.7 Conjurations
 + Level 4.0 Ice Magic
   Level 1.0 Air Magic


You had 8 spell levels left.
You knew the following spells:

 Your Spells              Type           Power        Failure   Level  Hunger
a - Throw Frost           Conj/Ice       ##....       10%         2    ##.....
b - Ensorcelled Hibernat  Hex/Ice        #.....       17%         2    ##.....


Dungeon Overview and Level Annotations

Branches:
Dungeon (4/15)
 Temple: D:4-7

Altars:


Innate Abilities, Weirdness & Mutations

You cannot wear most types of armour.
You are amphibious.
You can wear up to eight rings at the same time.
You can use your tentacles to constrict eight enemies at once.
Your skin changes colour to match your surroundings (Stealth).
Your rubbery body absorbs attacks (AC +1).


Message History

Press: ? - help, Dir - move target cursor, f - orc wizard
Aim: an orc wizard, wielding a dagger and wearing a robe (hasn't noticed you)
You reach to attack!
The orc wizard shouts!
You hit the orc wizard but do no damage.
You hear a shout! x2
The orc wizard closely misses you.
You hit the orc wizard but do no damage.
Your grab misses the orc wizard. The orc wizard hits you with a dagger.
An orc priest comes into view. It is wielding a hand axe.
Damage: 2 (max 2)
You closely miss the orc wizard. Your grab misses the orc wizard.
The orc wizard gestures at you while chanting.
The puff of flame hits you!
Damage: 10 (max 10) Cast which spell? (? or * to list)
Aiming: Ensorcelled Hibernation
Press: ? - help, Shift-Dir - straight line, f/p - orc wizard
Aim: an orc wizard, wielding a dagger and wearing a robe (chance to defeat MR: 38%)
The orc wizard resists with some effort.
You are feeling hungry.
The orc wizard gestures at you while chanting.
The puff of flame hits you!
* * * LOW HITPOINT WARNING * * *
Damage: 13 (max 13)
Items here: )) [ ÷ an enchanted dagger; a scale mail; a dagger; an orc skeleton The orc wizard hits you with a dagger.
* * * LOW HITPOINT WARNING * * *
Damage: 2 (max 13)
Casting: Ensorcelled Hibernation
Confirm with . or Enter, or press ? or * to list all spells.
Aiming: Throw Frost
Press: ? - help, Shift-Dir - straight line, f/p - orc wizard
Aim: an orc wizard, wielding a dagger and wearing a robe The puff of frost hits the orc wizard.
The orc wizard is lightly wounded.
The orc wizard barely misses you.
Casting: Throw Frost
Confirm with . or Enter, or press ? or * to list all spells.
Aiming: Throw Frost
Press: ? - help, Shift-Dir - straight line, f/p - orc wizard
Aim: an orc wizard, wielding a dagger and wearing a robe (lightly wounded)
The puff of frost hits the orc wizard.
The orc wizard is heavily wounded.
The orc wizard hits you with a dagger.
* * * LOW HITPOINT WARNING * * *
The orc priest calls down the wrath of Beogh upon you.
Something smites you!
You die...

♣....♣ #.# ##..## #.#
##....# #.# #....###
#o# #......# #.#
#..<...##.#####.###.###
#......##..............
#[#############o# #.#
#.#.@o).# ###
#.#######.#.##### ..#
#.........#.# #.#
#########.#.# #.#
#.#.#######. #.#
#........... #.#
###.######## #.# #.#
#.# #.#


You could see an orc priest and an orc wizard.

Vanquished Creatures
  A hound (D:4)
  4 orc priests
  Crazy Yiuf (D:4)
  An orc wizard (D:3)
  2 adders
  3 gnolls
  2 oozes
  A worm (D:2)
  3 giant geckos
  20 orcs
  8 bats
  4 giant cockroaches
  6 goblins
  9 hobgoblins
  4 jackals (D:1)
  6 kobolds
  2 ball pythons
  4 giant newts
  A jackal skeleton (D:3)
  12 rats
94 creatures vanquished.

Notes
Turn   | Place    | Note
--------------------------------------------------------------
     0 | D:1      | Gorice the Octopode Wanderer began the quest for the Orb.
     0 | D:1      | Gorice set off with: a potion of lignification {!q}, the Almanac of Snow, a +0 dagger, a bread ration {!e}
     0 | D:1      | Reached XP level 1. HP: 11/11 MP: 2/2
     0 | D:1      | Identified the Almanac of Snow
    94 | D:1      | Reached XP level 2. HP: 9/18 MP: 3/3
   170 | D:1      | Learned a level 2 spell: Throw Frost
   825 | D:1      | Reached XP level 3. HP: 20/22 MP: 0/5
   909 | D:1      | Learned a level 2 spell: Ensorcelled Hibernation
  1077 | D:2      | Reached skill level 1 in Conjurations
  1448 | D:2      | Reached XP level 4. HP: 8/27 MP: 1/6
  1451 | D:2      | HP: 7/27 [poisoned by an adder]
  1459 | D:2      | HP: 6/27 [poisoned by an adder]
  1906 | D:2      | Reached skill level 2 in Conjurations
  2356 | D:3      | Reached skill level 2 in Spellcasting
  2614 | D:3      | HP: 7/27 [orc priest/divine providence (9)]
  2616 | D:3      | Reached XP level 5. HP: 8/32 MP: 3/8
  3421 | D:2      | HP: 4/32 [orc/flail (11)]
  3428 | D:2      | HP: 1/32 [orc/flail (3)]
  3746 | D:2      | Reached skill level 3 in Spellcasting
  3892 | D:2      | Reached skill level 3 in Conjurations
  4397 | D:3      | Reached XP level 6. HP: 23/37 MP: 5/11
  4715 | D:4      | Reached skill level 4 in Ice Magic
  4744 | D:4      | Noticed Crazy Yiuf
  4767 | D:4      | Killed Crazy Yiuf
  4937 | D:4      | HP: 11/37 [orc wizard/puff of flame (13)]
  4942 | D:4      | HP: 7/37 [orc wizard/dagger (3)]
  4942 | D:4      | Killed from afar by an orc priest

Vault maps used:
D:1:      dpeg_arrival_round_c
D:3:      first_bread
D:4:      overflow_temple_1_default, uniq_crazy_yiuf_cottage

Action                   |  1- 3 |  4- 6 || total
-------------------------+-------+-------++-------
Melee: Dagger            |    84 |    11 ||    95
       Trident           |       |    77 ||    77
Throw: Stone             |     3 |       ||     3
 Cast: Throw Frost       |    17 |    47 ||    64
       Ensorcelled Hiber |     3 |     8 ||    11
  Use: Scroll            |       |     7 ||     7
 Stab: Sleeping          |     4 |     7 ||    11
       Distracted        |       |     1 ||     1
  Eat: Chunk             |     4 |    14 ||    18

Table legend:
 A = Turns spent in this place as a percentage of turns spent in the entire game.
 B = Non-inter-level travel turns spent in this place as a percentage of non-inter-level travel turns spent in the entire game.
 C = Inter-level travel turns spent in this place as a percentage of turns spent in this place.
 D = Turns resting spent in this place as a percentage of non-inter-level travel turns spent in this place.
 E = Turns spent auto-exploring this place as a percentage of non-inter-level travel turns spent in this place.
 F = Non-inter-level travel turns spent in this place divided by the number of levels of this place that you've seen.
                   A       B       C       D       E      F
               +-------+-------+-------+-------+-------+----------------------
         Total | 100.0 | 100.0 |   0.2 |   6.4 |   5.4 | 363.8
       Dungeon | 100.0 | 100.0 |   0.2 |   6.4 |   5.4 | 363.8
               +-------+-------+-------+-------+-------+----------------------

Vault maps used:
D:1:      dpeg_arrival_round_c
D:3:      first_bread
D:4:      overflow_temple_1_default, uniq_crazy_yiuf_cottage
